 Dungeon Crawl Stone Soup version 0.27-a0-1325-g58a489ad9e (webtiles) character file.

Game seed: 12539040685357136075

139 pascalblue the Conjurer (level 5, -5/28 HPs)
             Began as a Deep Elf Conjurer on June 24, 2021.
             Slain by an ice beast (13 damage)
             ... on level 3 of the Dungeon.
             The game lasted 00:04:24 (2161 turns).

pascalblue the Conjurer (Deep Elf Conjurer)         Turns: 2161, Time: 00:04:24

Health: -5/28      AC:  2    Str:  4    XL:     5   Next: 1%
Magic:  5/12       EV: 12    Int: 24    God:
Gold:   73         SH:  0    Dex: 13    Spells: 7/10 levels left

rFire    . . .     SeeInvis .   o - +1 whip (elec)
rCold    . . .     Faith    .   (no shield)
rNeg     . . .     Spirit   .   a - +0 robe
rPois    .         Reflect  .   (no helmet)
rElec    .         Harm     .   (no cloak)
rCorr    .         Rampage  .   (no gloves)
Will     .....                  (no boots)
Stlth    ++........             (no amulet)
HPRegen  0.09/turn              (no ring)
MPRegen  0.13/turn              (no ring)

@: no status effects
A: no striking features
a: no special abilities


You were on level 3 of the Dungeon.
You visited 1 branch of the dungeon, and saw 3 of its levels.

You collected 73 gold pieces.

Inventory:

Hand Weapons
 f - a +0 short sword
 n - a +0 rapier of flaming
 o - a +1 whip of electrocution (weapon)
Armour
 a - a +0 robe (worn)
Jewellery
 b - a ring of flight
 e - a ring of magical power
 h - a ring of protection from fire
Scrolls
 g - a scroll of teleportation {unknown}
 i - a scroll of fog {unknown}
 j - a scroll of magic mapping {unknown}
 k - 2 scrolls of identify {unknown}
 m - a scroll of vulnerability {unknown}
Potions
 c - a potion of curing {unknown}
 d - a potion of degeneration {unknown}
 l - a potion of resistance {unknown}


   Skills:
 - Level 2.4 Dodging
 - Level 2.4 Stealth
 + Level 3.3 Spellcasting
 * Level 6.8 Conjurations


You had 7 spell levels left.
You knew the following spells:

 Your Spells              Type           Power      Damage    Failure   Level
a - Magic Dart            Conj           100%       1d8       1%          1
b - Searing Ray           Conj           72%        3d6       1%          2

Your spell library contained the following spells:

 Spells                   Type           Power      Damage    Failure   Level
 Dazzling Flash           Conj/Hex       40%        N/A       8%          3
 Fulminant Prism          Conj/Hex       10%        3d9       26%         4
 Iskenderun's Mystic Bla  Conj/Tloc      20%        2d6       26%         4


Dungeon Overview and Level Annotations

Branches:
Dungeon (3/15)

Altars:
Xom


Message History

The ice beast is lightly wounded.
Casting: Magic Dart (safe; 1% risk of failure)
Confirm with . or Enter, or press ? or * to list all spells.
Aiming: Magic Dart (safe; 1% risk of failure)
Press: ? - help, Shift-Dir - straight line, f/p - ice beast
Aim: an ice beast (lightly wounded, 100% to hit)
The magic dart hits the ice beast but does no damage.
The ice beast is lightly wounded.
Casting: Magic Dart (safe; 1% risk of failure)
Confirm with . or Enter, or press ? or * to list all spells.
Aiming: Magic Dart (safe; 1% risk of failure)
Press: ? - help, Shift-Dir - straight line, f/p - ice beast
Aim: an ice beast (lightly wounded, 100% to hit)
The magic dart hits the ice beast.
The ice beast is moderately wounded.
There is a stone staircase leading up here.
The ball python bites you but does no damage.
The ball python barely misses you.
Casting: Magic Dart (safe; 1% risk of failure)
Confirm with . or Enter, or press ? or * to list all spells.
Aiming: Searing Ray (safe; 1% risk of failure)
Press: ? - help, Shift-Dir - straight line, f/p - ice beast
Aim: an ice beast (moderately wounded, 81% to hit)
The searing ray hits the ball python!
You kill the ball python!
The searing ray hits the ice beast.
The ice beast is heavily wounded. (Press . to maintain the ray.)
The searing ray hits the ice beast!
The ice beast is severely wounded.
The searing ray hits the ice beast.
The ice beast is almost dead.
The ice beast hits you. The ice beast freezes you!
Ouch! That really hurt!
The searing ray hits the ice beast.
The ice beast is almost dead.
You finish channeling your searing ray.
The ice beast hits you.
* * * LOW HITPOINT WARNING * * *
The ice beast freezes you!
You die...

######.....
..........
####.........
#..+.........
#.##.........
#.##..Y......
#.##....###.#
#########.##....###.
#...@Y...<..........
###.###...#..†.....#
#. +...+........+ ##
#)..#........#
#....#........#
#.>..##########
#.)..# #....#


You could see an ice beast.

Vanquished Creatures
  3 jellies (D:2)
  3 ball pythons
  8 endoplasms (D:2)
  2 giant cockroaches (D:2)
  2 goblins (D:3)
  3 hobgoblins
  7 jackals
  10 kobolds
  A quokka (D:2)
  3 bats
  2 frilled lizards (D:2)
  3 rats
47 creatures vanquished.

Vanquished Creatures (others)
  8 fungi (D:2)
  9 toadstools (D:2)
17 creatures vanquished.

Grand Total: 64 creatures vanquished

Notes
Turn   | Place    | Note
-------+----------+-------------------------------------------
     0 | D:1      | pascalblue the Deep Elf Conjurer began the quest for the
                  | Orb.
     0 | D:1      | Reached XP level 1. HP: 10/10 MP: 6/6
   447 | D:1      | Reached XP level 2. HP: 15/15 MP: 5/8
   850 | D:1      | Reached skill level 5 in Conjurations
   994 | D:2      | Found a shimmering altar of Xom.
  1085 | D:2      | Learned a level 2 spell: Searing Ray
  1311 | D:2      | Reached XP level 3. HP: 19/19 MP: 5/9
  1377 | D:2      | Reached skill level 6 in Conjurations
  1377 | D:2      | Reached XP level 4. HP: 24/24 MP: 2/10
  2127 | D:3      | Reached XP level 5. HP: 28/28 MP: 10/12
  2143 | D:3      | Noticed an ice beast
  2161 | D:3      | Slain by an ice beast

Illustrated notes

Levels and vault maps discovered:
D:1:      onia_arrival_pyramid, layout_loops_corners
D:2:      cheibrodos_fertilizer, layout_basic, basic_altar
D:3:      minmay_wonky_spiral, layout_basic, minmay_unequal

Skill      XL: |  1  2  3 |
---------------+----------+-----
Conjurations   | 5 6 |  6.8
Dodging        | |  2.4
Stealth        | |  2.4
Spellcasting   | |  3.3

Action                   |  1- 3 |  4- 6 || total
-------------------------+-------+-------++-------
Melee: Rapier            |     1 |       ||     1
       Whip              |     2 |     8 ||    10
 Cast: Magic Dart        |    34 |    27 ||    61
       Searing Ray       |     4 |     2 ||     6
Armor: Robe              |       |     1 ||     1
Dodge: Dodged            |     3 |     1 ||     4

Table legend: (Time is in decaauts)
 A = Elapsed time spent in this place.
 B = Non-inter-level travel time spent in this place.
 C = Inter-level travel time spent in this place.
 D = Time resting spent in this place.
 E = Time spent auto-exploring this place.
 F = Levels seen in this place.
 G = Mean time per level.
                   A        B        C        D        E       F      G
               +--------+--------+--------+--------+--------+-----+--------+
         Total |   2160 |   2105 |     55 |    179 |   1705 |   3 |  720.0 |
       Dungeon |   2160 |   2105 |     55 |    179 |   1705 |   3 |  720.0 |
               +--------+--------+--------+--------+--------+-----+--------+

Top non-repeatable levels by time:
     D:2: 1125 daAuts
     D:1: 952 daAuts
     D:3: 81 daAuts
